Match 42223865
Unlisted

Match 42223865
End
Panzergrenadier Squad
250 Light Carrier
Panzergrenadier Squad
Panzergrenadier Squad
Construct Light Support Kompanie
2.5-tonne Medical Truck
Construct Mechanized Kompanie
254 Reconnaissance Tractor
Selects Italian Infantry
Selects Guastatori Squad
Selects Registered Artillery
Fire Support Elements
Panzerjäger Mechanized Group
254 Reconnaissance Tractor
Veteran Squad Leaders
Construct Panzerarmee Kommand
Combat Half-tracks
Panzerjäger Mechanized Group
Walking Stuka Rocket Launcher
Selects Towed Cannone da 105/28 Field Howitzer
Panzergrenadier Squad
Panzerjäger Squad
Guastatori Squad
Armored Reserves
Selects Defensive Operations
Selects Territory Booby Traps
254 Reconnaissance Tractor
2.5-tonne Medical Truck
Tiger Heavy Tank
Advanced Field Repairs
Tungsten Core Ammunition
Panzergrenadier Squad
KRIMZ
Mowgli01
WireXy
lerobinoududu78
mp5
Dawes
Kh4ito
Whitent
0
0

Comments sign in to comment!

No comments posted yet!